 Dungeon Crawl Stone Soup version 0.31.0-12-g77e489cdc1 (webtiles) character file.

Game seed: 11019547267630703593

7879 Gadfly the Covert (level 11, -3/54 (56) HPs)
             Began as a Spriggan Enchanter on Feb 18, 2024.
             Was an Initiate of Gozag.
             Slain by a thrashing horror (6 damage)
             ... on level 2 of the Abyss.
             The game lasted 00:17:06 (10452 turns).

Gadfly the Covert (Spriggan Enchanter)             Turns: 10452, Time: 00:17:07

HP:   -3/54 (56)    AC:  9    Str:  4    XL:     11   Next: 2%
MP:   33/33         EV: 23    Int: 19    God:    Gozag
Gold: 707           SH:  0    Dex: 18    Spells: 19/26 levels left

rFire   + . .        a - +2 dagger (venom)
rCold   . . .        H - orb {*channel}
rNeg    + . .        k - +0 robe
rPois   .            C - +1 hat
rElec   .            d - +1 cloak
rCorr   .            (gloves unavailable)
SInv    +            (boots unavailable)
Will    +....        u - amulet of Geuti {RegenMP rF+ rN+ SInv}
Stlth   +++++        p - ring of magical power
HPRegen 0.29/turn    F - +4 ring of protection
MPRegen 0.63/turn

%: channel magic (20%)
@: confusing by touch, wreathed by umbra, studying Throwing, lightly drained,
very quick
A: very small, no large weapons, unfitting armour, see invisible, speed 3
a: Renounce Religion, Potion Petition, Call Merchant, Bribe Branch


You were on level 2 of the Abyss.
You worshipped Gozag.
Gozag was pleased with you.
You visited 2 branches of the dungeon, and saw 11 of its levels.
You visited the Abyss 1 time.

You collected 862 gold pieces.
You paid 155 gold pieces to Gozag.

Inventory:

Hand Weapons
 a - a +2 dagger of venom (weapon)
 b - a +1 rapier of holy wrath
 G - a +1 dagger of chaos
Armour
 d - a +1 cloak (worn)
 k - a +0 robe (worn)
 C - a +1 hat (worn)
 H - an orb of energy (worn)
Jewellery
 p - a ring of magical power (left hand)
 u - the amulet of Geuti (around neck) {RegenMP rF+ rN+ SInv}
   (You found it on level 5 of the Dungeon)

   [amulet of magic regeneration]

   RegenMP:   It increases your rate of magic regeneration.
   rF+:       It protects you from fire.
   rN+:       It protects you from negative energy.
   SInv:      It lets you see invisible.
 F - a +4 ring of protection (right hand)
Wands
 r - a wand of flame (8)
 x - a wand of roots (3)
 y - a wand of acid (7)
 B - a wand of digging (2)
Scrolls
 g - 2 scrolls of vulnerability
 m - 2 scrolls of poison
 n - a scroll of brand weapon
 q - 3 scrolls of teleportation
 v - 2 scrolls of fog
 w - a scroll of revelation
 A - 3 scrolls of identify
Potions
 c - 2 potions of invisibility
 e - 2 potions of magic
 f - 4 potions of might
 h - 3 potions of haste
 i - a potion of enlightenment
 j - a potion of ambrosia
 l - a potion of lignification
 o - 3 potions of heal wounds
 s - 7 potions of curing
 t - a potion of brilliance
 z - 3 potions of mutation


   Skills:
 + Level 5.4 Fighting
 + Level 7.3 Short Blades
 + Level 8.7 Dodging
 + Level 10.9 Stealth
 + Level 8.1 Spellcasting
 + Level 8.5 Hexes
 + Level 8.2 Evocations


You had 19 spell levels left.
You knew the following spells:

 Your Spells              Type           Power      Damage    Failure   Level
a - Ensorcelled Hibernat  Hex/Ice        46%        N/A       9%          2
b - Confusing Touch       Hex            40%        N/A       4%          3
c - Blink                 Tloc           14%        N/A       32%         2

Your spell library contained the following spells:

 Spells                   Type           Power      Damage    Failure   Level
 Tukima's Dance           Hex            40%        N/A       4%          3
 Dazzling Flash           Conj/Hex       46%        N/A       14%         3
 Kiss of Death            Conj/Necr      28%        2d7       22%         1
 Magic Dart               Conj           28%        1d4       22%         1
 Call Imp                 Summ           14%        N/A       32%         2
 Lesser Beckoning         Tloc           14%        N/A       32%         2
 Momentum Strike          Conj/Tloc      14%        3d8       32%         2
 Sublimation of Blood     Necr           7%         N/A       32%         2
 Dispel Undead            Necr           7%         3d8       83%         4
 Summon Hydra             Summ           3%         N/A       100%        7


Dungeon Overview and Level Annotations

Branches:
Dungeon (10/15)            Temple (1/1) D:7
   Lair: D:8-11         Orc: D:9-12

Altars:
Ashenzari
Cheibriados
Dithmenos
Elyvilon
Fedhas
Gozag
Kikubaaqudgha
Makhleb
Nemelex Xobeh
Okawaru
Qazlal
Ru
Sif Muna
Trog
Uskayaw
Wu Jian
Xom
Yredelemnul
Zin

Shops:
D:2 :   D:4 [   D:6 *   D:7 *

Annotations:
D:9 Josephine


Innate Abilities, Weirdness & Mutations

You are very small and have problems with some larger weapons.
You are too small for most types of armour.
You have supernaturally acute eyesight. (SInv)
You cover ground extremely quickly. (Speed+++)


Message History

The thrashing horror attacks as it pursues you!
The thrashing horror tramples you.
* * * LOW HITPOINT WARNING * * *
You stumble backwards!
The thrashing horror completely misses you. x2
You are too injured to fight recklessly!
Casting: Confusing Touch (dangerous; 4% risk of failure)
Confirm with . or Enter, or press ? or * to list all spells.
You can't see any susceptible monsters within range! (Use Z to cast anyway.)
Casting: Confusing Touch (dangerous; 4% risk of failure)
Confirm with . or Enter, or press ? or * to list all spells.
Your hands begin to glow red.
Magical energy flows into your mind!
The thrashing horror tramples you but does no damage.
The thrashing horror completely misses you.
You completely miss the thrashing horror.
The thrashing horror misses you.
The thrashing horror closely misses you.
The thrashing horror closely misses you.
The thrashing horror tramples you but does no damage.
The thrashing horror tramples you.
* * * LOW HITPOINT WARNING * * *
You stumble backwards!
You hit the thrashing horror but do no damage.
You hit the thrashing horror but do no damage.
The thrashing horror misses you. The thrashing horror tramples you.
* * * LOW HITPOINT WARNING * * *
You hold your ground!
The thrashing horror barely misses you. The thrashing horror tramples you.
* * * LOW HITPOINT WARNING * * *
You hold your ground!
As you read the scroll labelled JIAFUA PILUXET, it crumbles to dust.
You assume a fearsome visage.
The profane servitor is unaffected.
The thrashing horror is unaffected.
It was a scroll of fear.
The thrashing horror completely misses you.
The thrashing horror misses you.
As you read the scroll labelled FETEZE HYQO, it crumbles to dust.
You feel a surge of unholy energy.
It was a scroll of torment.
The thrashing horror tramples you.
You die...
Your body crumbles into a pile of gold.

# #.# .#. #
#....#...
#.#...... .
#..........
###.#####.
#.# #A# #X#
#@# ###


You could see a profane servitor and a thrashing horror.

Vanquished Creatures
  A centaur warrior (D:9)
  2 two-headed ogres
  Pikel (D:8)
  A kobold demonologist (D:9)
  A hornet (D:9)
  A shadow (D:9)
  11 yaks
  A wraith (D:10)
  Menkaure (D:4)
  A water moccasin (D:6)
  5 orc warriors
  3 sky beasts
  A centaur (D:5)
  2 ogres
  A lemure (D:8)
  2 phantoms
  A brain worm (D:4)
  3 bullfrogs
  A kobold brigand (D:8)
  A gnoll sergeant (D:8)
  3 scorpions
  2 electric eels (D:7)
  7 howler monkeys
  3 bombardier beetles
  4 hounds
  2 jellies
  Crazy Yiuf (D:2)
  3 iguanas
  3 sleepcaps
  2 gnoll boudas
  5 orc wizards
  Natasha (thrice) (D:2)
  7 adders
  11 gnolls
  2 shadow imps
  4 ufetubi
  4 ribbon worms
  12 dart slugs
  35 orcs
  10 endoplasms
  5 giant cockroaches
  10 goblins
  14 hobgoblins
  4 jackals (D:1)
  4 quokkas
  9 ball pythons
  4 bats
  2 frilled lizards (D:1)
  12 kobolds
  3 rats
231 creatures vanquished.

Notes
Turn   | Place    | Note
-------+----------+-------------------------------------------
     0 | D:1      | Gadfly the Spriggan Enchanter began the quest for the Orb.
     0 | D:1      | Reached XP level 1. HP: 9/9 MP: 5/5
   102 | D:1      | Reached XP level 2. HP: 13/13 MP: 6/6
   125 | D:1      | Learned a level 2 spell: Ensorcelled Hibernation
   557 | D:1      | Reached XP level 3. HP: 14/17 MP: 1/8
   696 | D:1      | Reached skill level 1 in Evocations
  1160 | D:1      | Learned a level 3 spell: Confusing Touch
  1478 | D:2      | You fall into a shaft and drop 1 floor!
  1578 | D:3      | Reached XP level 4. HP: 21/21 MP: 3/9
  1710 | D:2      | Found Zorenewn's Book Boutique.
  1721 | D:2      | Reached skill level 1 in Fighting
  1721 | D:2      | Reached skill level 5 in Stealth
  1761 | D:2      | Noticed Natasha
  1768 | D:2      | Killed Natasha
  1923 | D:2      | Found a broken altar of Ashenzari.
  2346 | D:2      | Noticed Natasha
  2358 | D:2      | Killed Natasha
  2359 | D:2      | Reached XP level 5. HP: 17/25 MP: 2/11
  2368 | D:2      | Noticed Natasha
  2373 | D:2      | Killed Natasha
  2463 | D:2      | Found a runed translucent door.
  2464 | D:2      | Noticed Crazy Yiuf
  2848 | D:2      | Killed Crazy Yiuf
  3383 | D:3      | Reached XP level 6. HP: 20/30 MP: 8/12
  4310 | D:4      | Found a shimmering altar of Xom.
  4310 | D:4      | Found a shimmering altar of Xom.
  4311 | D:4      | Found a shimmering altar of Xom.
  4311 | D:4      | Found a shimmering altar of Xom.
  4311 | D:4      | Found a shimmering altar of Xom.
  4311 | D:4      | Found a stormy altar of Qazlal.
  4319 | D:4      | Reached skill level 6 in Stealth
  4487 | D:4      | Noticed Menkaure
  4496 | D:4      | Killed Menkaure
  4497 | D:4      | Reached skill level 5 in Hexes
  4497 | D:4      | Reached XP level 7. HP: 17/35 MP: 10/14
  4500 | D:4      | Learned a level 2 spell: Blink
  4598 | D:4      | Found Gulog Uhos's Antique Armour Boutique.
  4670 | D:4      | Found a sparkling altar of Nemelex Xobeh.
  5080 | D:5      | Entered Level 5 of the Dungeon
  5317 | D:5      | Reached skill level 5 in Dodging
  5385 | D:5      | Reached skill level 7 in Stealth
  5385 | D:5      | Reached XP level 8. HP: 33/39 MP: 6/16
  5600 | D:5      | Reached skill level 5 in Spellcasting
  5732 | D:5      | Identified the amulet of Geuti {RegenMP rF+ rN+ SInv}
  6160 | D:6      | Found Dugeacem's Neck Hole.
  6603 | D:6      | Noticed a two-headed ogre
  6632 | D:6      | Killed a two-headed ogre
  6633 | D:6      | Reached skill level 5 in Short Blades
  6633 | D:6      | Reached skill level 8 in Stealth
  6633 | D:6      | Reached skill level 5 in Evocations
  6633 | D:6      | Reached XP level 9. HP: 32/44 MP: 9/18
  7572 | D:7      | Reached skill level 9 in Stealth
  7863 | D:7      | Found Neacuus's General Store.
  7902 | D:7      | Found a staircase to the Ecumenical Temple.
  7918 | Temple   | Entered the Ecumenical Temple
  8569 | D:8      | Noticed Pikel
  8569 | D:8      | Noticed a two-headed ogre
  8576 | D:8      | Killed Pikel
  8577 | D:8      | Reached XP level 10. HP: 47/51 MP: 21/21
  8600 | D:8      | Killed a two-headed ogre
  8681 | D:8      | Found an opulent altar of Gozag.
  8741 | D:8      | Identified the +3 mace of Puablo Naha {flame, rPois Int-2
                  | Dex+4}
  9036 | D:8      | Became a worshipper of Gozag Ym Sagoz the Greedy
  9079 | D:9      | Reached skill level 10 in Stealth
  9214 | D:9      | Reached skill level 5 in Fighting
  9318 | D:9      | Noticed a centaur warrior
  9326 | D:9      | Killed a centaur warrior
  9737 | D:10     | Entered Level 10 of the Dungeon
  9884 | D:10     | Reached XP level 11. HP: 38/56 MP: 24/24
 10065 | D:10     | Noticed Josephine
 10181 | Abyss:2  | Cast into level 2 of the Abyss (Josephine)
 10242 | Abyss:2  | Noticed a starcursed mass
 10246 | Abyss:2  | Noticed a tentacled starspawn
 10347 | Abyss:2  | Noticed a sixfirhy
 10366 | Abyss:2  | Paralysed by accursed screaming for 1 turns
 10397 | Abyss:2  | Noticed a profane servitor
 10415 | Abyss:2  | Noticed a thrashing horror
 10434 | Abyss:2  | Noticed an angel
 10452 | Abyss:2  | Slain by a thrashing horror

Illustrated notes

Levels and vault maps discovered:
D:1:      dpeg_arrival_pits, layout_loops_ring, minmay_strange_pillars,
          chequers_serial_rivers_large_b
D:2:      layout_basic, basic_altar, serial_shops, nicolae_shop_hallway_stairs,
          minmay_misc_feat_x, minmay_tiny_reverse_x, uniq_crazy_yiuf_cottage,
          uniq_natasha
D:3:      layout_rooms, minmay_misc_feat_roman, hellmonk_no_cap
D:4:      layout_cave_pods, nicolae_qazlal_scattered_showers,
          nemelex_spade_bored_becter, xom_redecorated, serial_shops,
          nicolae_shop_tiny_waterfront, chequers_decorated_corner, uniq_menkaure
D:5:      layout_basic
D:6:      minmay_opposing_rooms, layout_layer_cave, nicolae_benzene_ring,
          nicolae_shop_sticking_my_neck_out
D:7:      kennysheep_slugbush, layout_basic, minmay_temple_entry_stoned_glass,
          serial_shops, shop, st_stairs_14
D:8:      layout_basic, nicolae_gozag_cash_rules_everything_around_me,
          uniq_pikel
D:9:      layout_basic, serial_curves, eino_curves_03, eino_curves_04
D:10:     layout_loops_ring, worldfamousw_hep_ancestral_shrine,
          tso_oasis_becter, lemuel_tele_altar, erik_lair_dragon, pond,
          uniq_josephine
Temple:   nicolae_temple_no_exploring_needed
Abyss:2:  base: D:5, minivault_27, hangedman_abyss_mock_shop

Skill      XL: |  1  2  3  4  5  6  7  8  9 10 |
---------------+-------------------------------+-----
Spellcasting   | 3 4 5 7 8 |  8.1
Dodging        | 3 4 5 6 7 8 |  8.7
Evocations     | 1 2 3 4 5 6 8 |  8.2
Hexes          | 4 5 6 7 8 |  8.5
Short Blades   | 2 3 5 6 7 |  7.3
Fighting       | 1 2 3 4 5 |  5.4
Stealth        | 5 6 7 8 9 10 | 10.9

Action                     |  1- 3 |  4- 6 |  7- 9 | 10-12 || total
---------------------------+-------+-------+-------+-------++-------
  Melee: Dagger            |   111 |   132 |   218 |   127 ||   588
         Punch             |     2 |     1 |     1 |       ||     4
         Rapier            |       |       |       |     7 ||     7
   Cast: Ensorcelled Hiber |    32 |    53 |    83 |    48 ||   216
         Confusing Touch   |       |     3 |     5 |    10 ||    18
  Evoke: Wand              |       |       |     3 |     1 ||     4
    Use: Scroll            |     3 |    10 |     5 |     3 ||    21
         Potion            |     1 |     1 |       |     1 ||     3
   Stab: Sleeping          |    23 |    41 |    60 |    26 ||   150
         Distracted        |     1 |       |     2 |       ||     3
         Confused          |       |     5 |     4 |     4 ||    13
 Armour: Robe              |    22 |    58 |    58 |    50 ||   188
  Dodge: Dodged            |    92 |   125 |   185 |   130 ||   532
